 Dungeon Crawl Stone Soup version 0.24-a0-170-gd8427f5 (webtiles) character file.

Game seed: 14069658033047182352

105 Borgoz the Cudgeler (level 4, -4/27 HPs)
             Began as a Gargoyle Gladiator on Mar 8, 2019.
             Slain by Crazy Yiuf
             ... wielding a +2 quarterstaff of chaos
              (7 damage)
             ... on level 2 of the Dungeon.
             The game lasted 00:01:57 (1765 turns).

Borgoz the Cudgeler (Gargoyle Gladiator)            Turns: 1765, Time: 00:01:58

Health: -4/27      AC:  8    Str: 17    XL:     4   Next: 83%
Magic:  1/4        EV: 12    Int: 10    God:
Gold:   122        SH:  0    Dex: 11    Spells: 3/3 levels left

rFire    . . .     SeeInvis .   a - +0 flail
rCold    . . .     Gourm    .   (no shield)
rNeg     + . .     Faith    .   b - +0 leather armour
rPois    ∞         Spirit   .   c - +0 helmet
rElec    +         Reflect  .   (no cloak)
rCorr    .         Harm     .   (no gloves)
MR       .....                  g - +0 pair of boots
Stlth    +.........             (no amulet)
HPRegen  0.09/turn              (no ring)
MPRegen  0.09/turn              (no ring)

@: no status effects
A: negative energy resistance 1, electricity resistance, unbreathing,
petrification resistance, rot immunity, AC +3
a: no special abilities


You were on level 2 of the Dungeon.
You were hungry.

You visited 1 branch of the dungeon, and saw 2 of its levels.

You collected 122 gold pieces.

Inventory:

Hand Weapons
 a - a +0 flail (weapon)
Missiles
 d - 3 throwing nets (quivered)
Armour
 b - a +0 leather armour (worn)
 c - a +0 helmet (worn)
 g - a +0 pair of boots (worn)
Jewellery
 n - a +6 ring of intelligence {unknown}
Scrolls
 e - a scroll of blinking {unknown}
 i - 3 scrolls of identify {unknown}
 j - a scroll of amnesia {unknown}
 l - 2 scrolls of teleportation {unknown}
 p - a scroll of fog {unknown}
 q - a scroll of magic mapping {unknown}
Potions
 h - a potion of ambrosia {unknown}
 k - 2 potions of agility {unknown}
 m - a potion of curing {unknown}
 o - a potion of degeneration {unknown}
 r - a potion of haste {unknown}
Comestibles
 f - 3 rations


   Skills:
 + Level 2.7 Fighting
 * Level 4.0 Maces & Flails
 - Level 1.7 Throwing
 + Level 1.3 Armour
 * Level 3.1 Dodging
 + Level 1.4 Stealth


You had 3 spell levels left.
You didn't know any spells.
Your spell library was empty.

Dungeon Overview and Level Annotations

Branches:
Dungeon (2/15)

Altars:
Cheibriados

Annotations:
D:2 Crazy Yiuf


Innate Abilities, Weirdness & Mutations

You are resistant to torment.
Your stone body is resilient. (AC +3)
You are immune to poison.
You resist negative energy. (rN+)
You are resistant to electric shocks. (rElec)
You can survive without breathing.
You are immune to petrification.
You are immune to rotting.


Message History

You barely miss Crazy Yiuf.
Crazy Yiuf is heavily wounded.
Crazy Yiuf hits you with a +2 quarterstaff of chaos.
You feel your power leaking away.
You closely miss Crazy Yiuf.
Crazy Yiuf is heavily wounded.
Crazy Yiuf barely misses you.
You hit Crazy Yiuf but do no damage.
Crazy Yiuf is heavily wounded.
Crazy Yiuf hits you with a +2 quarterstaff of chaos!
* * * LOW HITPOINT WARNING * * *
You barely miss Crazy Yiuf.
Crazy Yiuf is heavily wounded.
Crazy Yiuf hits you with a +2 quarterstaff of chaos.
* * * LOW HITPOINT WARNING * * *
Crazy Yiuf freezes you.
* * * LOW HITPOINT WARNING * * *
Crazy Yiuf says, "Fluff!"
Crazy Yiuf hits you with a +2 quarterstaff of chaos!
You die...

..........##........######
.#######.###.............##
.#######.# #........####..#
.#....##.# ########## ##.#
.#.##.##.# #.# .#.##.##.#
♣♣♣♣♣##.## .#.##....# ###
♣♣♣.♣......# .#.#######
#...#♣..♣.......# .#.#
#...g@♣♣♣♣......# .#.#
#)..#♣♣ ♣♣....## .#.# ###
♣♣#### .#.# .#.# .#.# .#.#
##.# ...#


You could see Crazy Yiuf.

Vanquished Creatures
  3 gnolls (D:2)
  3 adders (D:2)
  A worm (D:2)
  A dart slug (D:1)
  6 bats
  A giant cockroach (D:2)
  5 goblins
  4 hobgoblins
  6 jackals (D:1)
  3 kobolds (D:2)
  A quokka (D:2)
  2 ball pythons
  3 frilled lizards
  4 rats
43 creatures vanquished.

Notes
Turn   | Place    | Note
-------+----------+-------------------------------------------
     0 | D:1      | Borgoz the Gargoyle Gladiator began the quest for the Orb.
     0 | D:1      | Reached XP level 1. HP: 12/12 MP: 1/1
   321 | D:1      | Reached XP level 2. HP: 7/17 MP: 2/2
   971 | D:2      | Reached XP level 3. HP: 14/22 MP: 3/3
   974 | D:2      | Reached skill level 1 in Stealth
   979 | D:2      | Reached skill level 1 in Armour
  1005 | D:2      | Reached XP level 4. HP: 13/27 MP: 4/4
  1339 | D:2      | Found a runed translucent door.
  1340 | D:2      | Noticed Crazy Yiuf
  1474 | D:2      | Found a snail-covered altar of Cheibriados.
  1592 | D:2      | Reached skill level 4 in Maces & Flails
  1765 | D:2      | Slain by Crazy Yiuf

Levels and vault maps discovered:
D:1:      roderic_crop_circles_arrival_small, layout_basic
D:2:      layout_basic, nicolae_overflow_hidden_temple, uniq_crazy_yiuf_cottage

Skill      XL: |  1  2  3  4 |
---------------+-------------+-----
Stealth        | 1 |  1.4
Armour         | 1 |  1.3
Dodging        | 3 |  3.1
Maces & Flails | 4 |  4.0
Fighting       | |  2.7
Throwing       | |  1.7

Action                   |  1- 3 |  4- 6 || total
-------------------------+-------+-------++-------
Melee: Flail             |    75 |    56 ||   131
 Stab: Sleeping          |     1 |       ||     1
  Eat: Chunk             |       |     2 ||     2
Armor: Leather armour    |    27 |    24 ||    51
Dodge: Dodged            |    58 |    29 ||    87

Table legend:
 A = Non-vault XP
 B = Vault XP
 C = Vault XP percentage of total XP
 D = Non-vault monster count
 E = Vault monster count
 F = Vault count percentage of total count
                 A         B        C        D         E       F
            +---------+---------+-------+---------+---------+-------
      Total |     151 |       0 |   0.0 |      43 |       0 |   0.0
            +---------+---------+-------+---------+---------+-------
        D:1 |      30 |       0 |   0.0 |      17 |       0 |   0.0
        D:2 |     121 |       0 |   0.0 |      26 |       0 |   0.0
            +---------+---------+-------+---------+---------+-------
